 Dungeon Crawl Stone Soup version 0.23.2-1-ga50397a (webtiles) character file.

Game seed: 3072408667391905927

6129 MalarOregon the Impaler (level 10, -1/76 HPs)
             Began as a Merfolk Gladiator on May 14, 2019.
             Was a Believer of Hepliaklqana.
             Slain by a six-headed hydra (12 damage)
             ... on level 7 of the Dungeon.
             The game lasted 00:15:54 (9847 turns).

MalarOregon the Impaler (Merfolk Gladiator)         Turns: 9847, Time: 00:15:55

Health: -1/76      AC: 13    Str: 17    XL:     10   Next: 89%
Magic:  10/10      EV:  8    Int:  3    God:    Hepliaklqana [**....]
Gold:   537        SH:  0    Dex: 16    Spells: 9/9 levels left

rFire    . . .     SeeInvis +   s - +4 scythe of Zibeloot {protect, rC++ rN+ Int-5}
rCold    + + .     Gourm    .   (shield currently unavailable)
rNeg     + . .     Faith    .   h - +0 chain mail
rPois    +         Spirit   .   f - +1 helmet
rElec    .         Reflect  .   y - +1 cloak {rPois}
rCorr    .         Harm     .   w - +0 pair of gloves (curse)
MR       .....     Rnd*Tele +   (no boots)
Stlth    ..........             (no amulet)
HPRegen  0.22/turn              z - ring of see invisible
MPRegen  0.12/turn              o - ring of teleportation (curse)

@: no status effects
A: change form in water, swift swim, stealthy swim, reduced essence
a: Recall Ancestor, Ancestor Identity, Renounce Religion


You were on level 7 of the Dungeon.
You worshipped Hepliaklqana.
Hepliaklqana was pleased with you.
You were not hungry.

You visited 2 branches of the dungeon, and saw 10 of its levels.

You collected 537 gold pieces.

Inventory:

Hand Weapons
 s - the +4 scythe of Zibeloot (weapon) {protect, rC++ rN+ Int-5}
   (You found it on level 5 of the Dungeon)

   It protects the one who uses it against injury (+AC on strike).
   It affects your intelligence (-5).
   It greatly protects you from cold.
   It protects you from negative energy.
Missiles
 d - 3 throwing nets (quivered) {!f}
Armour
 f - a +1 helmet (worn)
 h - a +0 chain mail (worn)
   (You found it on level 1 of the Dungeon)
 w - a cursed +0 pair of gloves (worn)
   (You found it on level 6 of the Dungeon)
 y - a +1 cloak of poison resistance (worn)
   (You found it on level 6 of the Dungeon)
Jewellery
 b - an uncursed ring of positive energy {unknown}
   (You found it on level 8 of the Dungeon)
 g - an uncursed ring of wizardry
   (You found it on level 1 of the Dungeon)
 i - an uncursed ring of protection from fire
   (You found it on level 4 of the Dungeon)
 o - a cursed ring of teleportation (right hand)
   (You found it on level 5 of the Dungeon)
 q - an uncursed ring of resist corrosion
   (You found it on level 5 of the Dungeon)
 z - a ring of see invisible (left hand)
   (You found it on level 1 of the Dungeon)
 B - an uncursed amulet of magic regeneration {unknown}
   (You found it on level 9 of the Dungeon)
Wands
 c - a wand of disintegration (12)
   (You found it on level 7 of the Dungeon)
 v - a wand of digging (5)
   (You found it on level 4 of the Dungeon)
 x - a wand of acid (15)
   (You found it on level 4 of the Dungeon)
Scrolls
 a - a scroll of random uselessness {unknown}
 k - 9 scrolls of identify {@r1}
 p - a scroll of blinking
 t - 2 scrolls of teleportation {@r4}
 u - a scroll of fear
 D - a scroll of immolation {unknown}
Potions
 j - 2 potions of brilliance
 l - 2 potions of lignification {!q}
 m - a potion of magic
 n - a potion of curing {@q1}
 r - 4 potions of flight
 A - 2 potions of haste {unknown}
 C - a potion of degeneration {unknown}
 E - a potion of berserk rage {unknown}
Comestibles
 e - 20 rations {!d}
 F - 2 chunks of flesh


   Skills:
 - Level 10.0 Fighting
 + Level 17.9 Polearms
 - Level 2.0 Throwing
 - Level 4.0 Dodging


You had 9 spell levels left.
You didn't know any spells.
Your spell library contained the following spells:

 Spells                   Type           Power        Failure   Level  Hunger
 Animate Skeleton         Necr           N/A          100%        1    ##.....
 Apportation              Tloc           #.....       100%        1    ##.....
 Beastly Appendage        Tmut           #.....       100%        1    ##.....
 Confusing Touch          Hex            #.....       100%        1    ##.....
 Flame Tongue             Conj/Fire      #....        100%        1    ##.....
 Summon Small Mammal      Summ           #...         100%        1    ##.....
 Sticks to Snakes         Tmut           #.......     100%        2    ###....
 Throw Flame              Conj/Fire      #.....       100%        2    ###....
 Conjure Flame            Conj/Fire      #.......     100%        3    ####...
 Inner Flame              Hex/Fire       #.......     100%        3    ####...
 Spider Form              Tmut/Pois      #.........   100%        3    ####...
 Ice Form                 Ice/Tmut       #.......     100%        4    #####..
 Sticky Flame             Conj/Fire      #.......     100%        4    #####..
 Blade Hands              Tmut           #.........   100%        5    ######.
 Fireball                 Conj/Fire      #.........   100%        5    ######.


Dungeon Overview and Level Annotations

Branches:
Dungeon (9/15)             Temple (1/1) D:5
   Lair: D:8-11         Orc: D:9-12

Altars:
Ashenzari
Cheibriados
Dithmenos
Elyvilon
Fedhas
Gozag
Hepliaklqana
Kikubaaqudgha
Makhleb
Nemelex Xobeh
Okawaru
Qazlal
Ru
Sif Muna
Uskayaw
Vehumet
Wu Jian
Xom
Yredelemnul
Zin
The Shining One


Message History

The six-headed hydra easily resists.
Aim: a six-headed hydra (chance to defeat MR: 30%)
The six-headed hydra easily resists.
Aim: a six-headed hydra (chance to defeat MR: 30%)
The six-headed hydra easily resists.
Aim: a six-headed hydra (chance to defeat MR: 30%)
The six-headed hydra easily resists.
Aim: a six-headed hydra (chance to defeat MR: 30%)
The six-headed hydra is blasted!
Aim: a six-headed hydra (moderately wounded)
The bolt of acid hits the six-headed hydra!
The six-headed hydra is splashed with acid.
Aim: a six-headed hydra (moderately wounded)
The bolt of acid hits the six-headed hydra!
The six-headed hydra is splashed with acid.
The acid corrodes the six-headed hydra!
The six-headed hydra bites you.
The six-headed hydra bites you but does no damage.
The six-headed hydra completely misses you.
The six-headed hydra bites you but does no damage.
The six-headed hydra bites you!
The six-headed hydra bites you. Ælfthryth hits the six-headed hydra with a +0 flail!
Aim: a six-headed hydra (severely wounded, covered in acid, chance to defeat MR: 30%)
The six-headed hydra is blasted.
The six-headed hydra bites you!
The six-headed hydra closely misses you.
The six-headed hydra bites you!
The six-headed hydra bites you but does no damage.
The six-headed hydra bites you.
The six-headed hydra barely misses you. Ælfthryth hits the six-headed hydra with a +0 flail.
Aim: a six-headed hydra (severely wounded, covered in acid, chance to defeat MR: 30%)
The six-headed hydra easily resists.
The six-headed hydra bites you!
* * * LOW HITPOINT WARNING * * *
The six-headed hydra bites you.
* * * LOW HITPOINT WARNING * * *
The six-headed hydra bites you.
* * * LOW HITPOINT WARNING * * *
The six-headed hydra bites you but does no damage.
The six-headed hydra bites you.
* * * LOW HITPOINT WARNING * * *
The six-headed hydra bites you but does no damage. Ælfthryth hits the six-headed hydra with a +0 flail.
Unknown command.
Aim: a six-headed hydra (almost dead, covered in acid, chance to defeat MR: 30%)
The six-headed hydra easily resists.
The six-headed hydra bites you but does no damage.
The six-headed hydra bites you!
* * * LOW HITPOINT WARNING * * *
The six-headed hydra bites you!
* * * LOW HITPOINT WARNING * * *
The six-headed hydra bites you!
You die...

##.##.^≈.≈≈.##.......####.#
...####_.R♣######...## ####
...#####.#### ###.####.#
#...####....## #..##.##
##.....#.....### #..#.##
#..##..........####....##
..#####..#......##..###.##
.## ##.####....R..## ##.##
## #..# ##..D@..# ##.# ###
#.## #..##..#####.##
..####.# ###..###..##..#R#
.#.....####....###....###.#
...#............###.### #.#
.#...#R...####...#R.# #.#
...#....### ##....## ###
.#...#...# ##...#
...#.....## ###....###


You could see the friendly Ælfthryth the knight and a six-headed hydra.

Vanquished Creatures
  Pikel (D:5)
  The ghost of bmj180 the Digger, a novice GrEE of Vehumet (D:4)
  Prince Ribbit (D:5)
  A hippogriff (D:7)
  A wyvern (D:9)
  A yak (D:9)
  A human (D:9)
  2 hogs
  Menkaure (D:4)
  A hungry ghost (D:9)
  Edmund (D:3)
  An ice beast (D:9)
  A slave (D:5)
  Duvessa (D:5)
  A black bear (D:4)
  An orc warrior (D:7)
  3 sky beasts
  2 ogres
  6 centaurs
  Blork the orc (D:4)
  A scorpion (D:7)
  Dowan (D:5)
  3 killer bees (D:8)
  6 wights
  2 howler monkeys (D:9)
  2 crimson imps
  A bullfrog zombie (D:6)
  8 hounds
  8 orc priests
  Crazy Yiuf (D:4)
  2 bullfrog skeletons
  2 centaur skeletons
  2 iguanas
  9 orc wizards
  11 worker ants
  A hound zombie (D:8)
  A hound skeleton (D:6)
  2 gnolls (D:5)
  12 adders
  An adder skeleton (D:4)
  3 worms
  2 dart slugs (D:1)
  3 leopard geckos
  29 orcs
  2 ball pythons
  10 bats
  2 giant cockroaches
  12 goblins
  6 hobgoblins
  6 jackals
  4 quokkas
  3 frilled lizards
  A jackal zombie (D:8)
  11 kobolds
  A leopard gecko skeleton (D:5)
  4 rats
204 creatures vanquished.

Vanquished Creatures (collateral kills)
  A hog (D:9)
  A scorpion (D:6)
  A wight (D:7)
  A jelly (D:7)
  A worker ant (D:5)
  A howler monkey skeleton (D:7)
  A leopard gecko (D:6)
  2 orcs (D:5)
  A quokka (D:9)
10 creatures vanquished.

Vanquished Creatures (others)
  2 slaves (D:5)
  4 ancestors
  2 gnolls (D:5)
  An orc (D:5)
9 creatures vanquished.

Grand Total: 223 creatures vanquished

Notes
Turn   | Place    | Note
-------+----------+-------------------------------------------
     0 | D:1      | MalarOregon the Merfolk Gladiator began the quest for the
                  | Orb.
     0 | D:1      | Reached XP level 1. HP: 16/16 MP: 1/1
   145 | D:1      | Reached skill level 5 in Polearms
   150 | D:1      | Reached XP level 2. HP: 10/22 MP: 2/2
   568 | D:1      | Reached skill level 6 in Polearms
   568 | D:1      | Reached XP level 3. HP: 27/27 MP: 3/3
   976 | D:2      | Reached skill level 7 in Polearms
   976 | D:2      | Reached XP level 4. HP: 21/33 MP: 4/4
  1881 | D:3      | Found a glowing golden altar of the Shining One.
  2284 | D:3      | Reached skill level 8 in Polearms
  2284 | D:3      | Reached XP level 5. HP: 10/38 MP: 5/5
  2804 | D:4      | Noticed Menkaure
  2817 | D:4      | Killed Menkaure
  2817 | D:4      | Reached skill level 9 in Polearms
  2817 | D:4      | Reached XP level 6. HP: 41/44 MP: 6/6
  2819 | D:4      | Noticed Edmund
  2825 | D:4      | Noticed Blork the orc
  2869 | D:3      | Reached skill level 10 in Polearms
  3436 | D:3      | Reached XP level 7. HP: 19/50 MP: 7/7
  3476 | D:3      | Reached skill level 11 in Polearms
  3678 | D:4      | Killed Blork the orc
  3981 | D:4      | Reached skill level 12 in Polearms
  4292 | D:4      | Reached XP level 8. HP: 35/56 MP: 8/8
  4553 | D:4      | Found a runed translucent gate.
  4554 | D:4      | Noticed bmj180's ghost (novice GrEE)
  4557 | D:4      | Found a runed translucent gate.
  4557 | D:4      | Found a runed translucent gate.
  4617 | D:4      | Found a runed translucent door.
  4619 | D:4      | Noticed Crazy Yiuf
  4644 | D:5      | Entered Level 5 of the Dungeon
  4669 | D:5      | Noticed Prince Ribbit
  4812 | D:5      | Reached skill level 13 in Polearms
  4923 | D:5      | Noticed Dowan
  4950 | D:5      | Killed Dowan
  4955 | D:5      | Reached skill level 14 in Polearms
  4988 | D:5      | Found a staircase to the Ecumenical Temple.
  5019 | D:5      | Noticed Duvessa
  5118 | D:5      | Killed Duvessa
  5144 | Temple   | Entered the Ecumenical Temple
  5211 | Temple   | Became a worshipper of Hepliaklqana the Forgotten
  5235 | D:5      | Found a burning altar of Makhleb.
  5252 | D:5      | Noticed Pikel
  5270 | D:5      | Killed Pikel
  5270 | D:5      | Reached XP level 9. HP: 61/63 MP: 9/9
  5310 | D:5      | Got an ancient scythe
  5318 | D:5      | Identified the +4 scythe of Zibeloot {protect, rC++ rN+
                  | Int-5} (You found it on level 5 of the Dungeon)
  5626 | D:5      | Killed Prince Ribbit
  6532 | D:4      | Found a runed translucent door.
  6650 | D:4      | Found a runed translucent gate.
  6650 | D:4      | Found a runed translucent gate.
  6650 | D:4      | Found a runed translucent gate.
  6895 | D:3      | Killed Edmund
  6930 | D:4      | Killed bmj180's ghost
  6930 | D:4      | Reached skill level 15 in Polearms
  6971 | D:4      | Killed Crazy Yiuf
  7053 | D:7      | Noticed a four-headed hydra
  7105 | D:7      | HP: 1/67 [centaur (3)]
  7110 | D:7      | Reached XP level 10. HP: 9/74 MP: 10/10
  7370 | D:8      | Reached * piety under Hepliaklqana
  7386 | D:8      | Found a burning altar of Makhleb.
  7494 | D:8      | Reached skill level 16 in Polearms
  8318 | D:8      | Noticed a blizzard demon
  8336 | D:8      | Found a glowing silver altar of Zin.
  8336 | D:8      | Noticed an angel
  8429 | D:9      | Reached skill level 10 in Fighting
  8455 | D:9      | Found an opulent altar of Gozag.
  8925 | D:9      | Reached ** piety under Hepliaklqana
  8947 | D:9      | Reached skill level 17 in Polearms
  9163 | D:8      | Remembered your ancestor Ælfthryth as a knight
  9619 | D:7      | Found a shimmering altar of Xom.
  9619 | D:7      | Found a shimmering altar of Xom.
  9620 | D:7      | Found a shimmering altar of Xom.
  9621 | D:7      | Found a shimmering altar of Xom.
  9622 | D:7      | Found a shimmering altar of Xom.
  9847 | D:7      | Slain by a six-headed hydra

Skill      XL: |  1  2  3  4  5  6  7  8  9 10 |
---------------+-------------------------------+-----
Polearms       | 5 6 7 8 9 10 12 14 15 17 | 17.9
Fighting       | 6 9 10 | 10.0
Throwing       | |  2.0
Dodging        | |  4.0

Action                   |  1- 3 |  4- 6 |  7- 9 | 10-12 || total
-------------------------+-------+-------+-------+-------++-------
Melee: Trident           |    84 |   151 |   266 |       ||   501
       Unarmed           |       |     2 |       |       ||     2
       Scythe            |       |       |   135 |   223 ||   358
Invok: Recall Ancestor   |       |       |       |     2 ||     2
       Ancestor Life: Kn |       |       |       |     1 ||     1
Evoke: Wand              |       |       |       |    10 ||    10
  Use: Scroll            |       |    10 |     4 |       ||    14
       Potion            |       |     3 |     1 |     1 ||     5
 Stab: Distracted        |       |       |     1 |       ||     1
  Eat: Chunk             |       |     7 |    13 |    11 ||    31
Armor: Chain mail        |    29 |    50 |   192 |   158 ||   429
       Skin              |       |     1 |       |       ||     1
Dodge: Dodged            |    23 |    52 |   108 |   103 ||   286
